 Dungeon Crawl Stone Soup version 0.29.1-2-gbd0b4ee654 (webtiles) character file.

Game seed: 11970429014034742931

320 nshep25 the Chopper (level 6, -2/53 HPs)
             Began as a Minotaur Fighter on Nov 2, 2022.
             Killed from afar by an electric eel (6 damage)
             ... with a bolt of electricity
             ... on level 3 of the Dungeon.
             The game lasted 00:10:38 (3905 turns).

nshep25 the Chopper (Minotaur Fighter)              Turns: 3905, Time: 00:10:39

Health: -2/53      AC: 18    Str: 22    XL:     6   Next: 22%
Magic:  5/5        EV:  6    Int:  5    God:
Gold:   151        SH:  4    Dex: 10    Spells: 5/5 levels left

rFire   . . .      SeeInvis .   a - +1 war axe
rCold   . . .      Faith    .   c - +0 buckler
rNeg    . . .      Spirit   .   n - +0 plate armour
rPois   .          Reflect  .   E - +1 hat
rElec   .          Harm     .   m - +0 cloak
rCorr   .          Rampage  .   (no gloves)
Will    .....                   (no boots)
Stlth   ..........              (no amulet)
HPRegen 0.17/turn               o - ring of willpower
MPRegen 0.09/turn               t - +4 ring of protection

@: weak-willed, flying
A: horns 2, retaliatory headbutt
a: no special abilities


You were on level 3 of the Dungeon.
You visited 1 branch of the dungeon, and saw 3 of its levels.
You also visited: Sewer.

You collected 151 gold pieces.

Inventory:

Hand Weapons
 a - a +1 war axe (weapon)
Armour
 b - a +0 scale mail
 c - a +0 buckler (worn)
 m - a +0 cloak (worn)
 n - a +0 plate armour (worn)
 E - a +1 hat (worn)
Jewellery
 j - an amulet of faith
 o - a ring of willpower (left hand)
 t - a +4 ring of protection (right hand)
Wands
 e - a wand of flame (22)
Scrolls
 f - a scroll of amnesia
 k - 2 scrolls of summoning
 q - a scroll of poison
 v - a scroll of teleportation
 D - a scroll of fear
Potions
 d - 2 potions of might
 i - 2 potions of attraction
 l - 2 potions of cancellation
 p - 2 potions of berserk rage {unknown}
 r - 2 potions of curing {unknown}
 u - a potion of invisibility {unknown}
 w - a potion of mutation {unknown}
 x - 2 potions of flight
 z - a potion of lignification {unknown}
 A - 2 potions of resistance {unknown}
 B - 2 potions of haste
 C - 2 potions of heal wounds {unknown}


   Skills:
 + Level 4.7 Fighting
 + Level 5.5 Axes
 + Level 4.8 Armour
 + Level 1.1 Dodging
 + Level 4.8 Shields


You had 5 spell levels left.
You didn't know any spells.
Your spell library contained the following spells:

 Spells                   Type           Power      Damage    Failure   Level
 Ensorcelled Hibernation  Hex/Ice        0%         N/A       100%        2
 Portal Projectile        Hex/Tloc       0%         N/A       100%        3
 Spider Form              Tmut/Pois      0%         N/A       100%        3
 Tukima's Dance           Hex            0%         N/A       100%        3
 Anguish                  Hex/Necr       0%         N/A       100%        4
 Fulminant Prism          Conj/Hex       0%         3d6       100%        4
 Iskenderun's Mystic Bla  Conj/Tloc      0%         2d3       100%        4
 Blade Hands              Tmut           0%         N/A       100%        5
 Lee's Rapid Deconstruct  Erth           0%         3d5*      100%        5


Dungeon Overview and Level Annotations

Branches:
Dungeon (3/15)              Sewer (visited)

Altars:

Annotations:
D:3 1 transporter


Innate Abilities, Weirdness & Mutations

You have a pair of horns on your head.
You reflexively headbutt those who attack you in melee.


Message History

There is a transporter here.
You drop a scroll of immolation.
You enter the transporter and appear at another place.
You swap places.
e - a wand of flame (22)
You feel very buoyant.
You fly up into the air.
You reach down and open the door.
The electric eel shoots out a bolt of lightning at you!
The bolt of electricity hits you!
You swap places.
The electric eel shoots out a bolt of lightning at you!
The bolt of electricity hits you!
The bolt of electricity hits your kobold!
Your kobold dies!
Your kobold's corpse dissolves into shadows!
The bolt of electricity misses you.
There is an open door here.
The electric eel shoots out a bolt of lightning at you!
The bolt of electricity hits you.
The bolt of electricity misses your rat.
The electric eel shoots out a bolt of lightning at you!
The bolt of electricity hits you.
The bolt of electricity hits your hobgoblin!
Your hobgoblin dies!
Your hobgoblin's corpse dissolves into shadows!
You closely miss the electric eel. You slash the plant!
The plant begins to die.
You hit the electric eel.
The electric eel shoots out a bolt of lightning at you!
The bolt of electricity hits you!
* * * LOW HITPOINT WARNING * * *
The electric eel shoots out a bolt of lightning at you!
The bolt of electricity hits you.
* * * LOW HITPOINT WARNING * * *
The bolt of electricity hits your rat!
Your rat dies!
Your rat's corpse dissolves into shadows!
The electric eel shoots out a bolt of lightning at you!
The bolt of electricity hits you.
You die...

...# #.#..##.##..†)## ...#
##.#..##.#.....## ...#
#..............'. ♣..#
#############.#........<..#. P..#
#............[......#.....#. ...#
#.###############...#.....#.
.))###.#8P#~~~~~S~#P8#...#.....#.
.).....#..#~~~~P..#..#...#.....#.
.).#..©#©[+~~P♣S@.'.©#©........#.
...##..#..#~~P~S..#..#.........#.
...###.#8P#~~~~~~~#P8#.#>#.....#.
##.###.###############.#.#.....#.
##.....................#.#.....##
#####..#################.####....
######..##### ########......###
............### #.............# #
###'#######..<# #.............###


You could see 3 electric eels.

Vanquished Creatures
  A kobold brigand (Sewer)
  An orc wizard (D:3)
  10 adders
  6 river rats
  A worm (D:3)
  3 dart slugs
  6 orcs (D:3)
  4 endoplasms
  6 giant cockroaches
  6 hobgoblins
  4 jackals (Sewer)
  3 quokkas
  6 ball pythons
  4 bats
  4 frilled lizards
  9 kobolds
  5 rats
  11 bushes (D:1)
90 creatures vanquished.

Vanquished Creatures (others)
  18 plants
18 creatures vanquished.

Grand Total: 108 creatures vanquished

Notes
Turn   | Place    | Note
-------+----------+-------------------------------------------
     0 | D:1      | nshep25 the Minotaur Fighter began the quest for the Orb.
     0 | D:1      | Reached XP level 1. HP: 19/19 MP: 0/0
   534 | D:1      | Reached XP level 2. HP: 27/27 MP: 1/1
   907 | D:1      | Found a faded altar of an unknown god.
  1564 | D:2      | Reached skill level 3 in Axes
  1564 | D:2      | Reached XP level 3. HP: 33/33 MP: 2/2
  2062 | D:2      | Reached XP level 4. HP: 40/40 MP: 3/3
  2301 | D:3      | Reached skill level 1 in Dodging
  2435 | D:3      | Found a transporter.
  2510 | D:3      | Found a glowing drain.
  2532 | Sewer    | Entered a sewer
  2572 | Sewer    | Reached XP level 5. HP: 44/47 MP: 4/4
  2598 | Sewer    | Reached skill level 4 in Axes
  2979 | Sewer    | Reached skill level 5 in Axes
  3418 | D:3      | Found a transporter.
  3434 | D:3      | Reached XP level 6. HP: 52/53 MP: 5/5
  3905 | D:3      | Killed from afar by an electric eel

Illustrated notes

Levels and vault maps discovered:
D:1:      spicycebolla_green_bress_n_ham, layout_rooms,
          dilly_ecumenical_altar_fadedgnrine, dk_noncrumbling_2,
          lexackson_kobold_supper
D:2:      layout_basic
D:3:      gammafunk_steamed_eel, layout_basic, portal_sewer_entry_a,
          minmay_fountain_box, serial_park_tiny_1, minmay_door_square,
          minmay_fractal_squares_diagonal_5

Skill      XL: |  1  2  3  4  5 |
---------------+----------------+-----
Shields        | 4 |  4.8
Fighting       | 4 |  4.7
Axes           | 3 5 |  5.5
Armour         | 4 |  4.8
Dodging        | 1 |  1.1

Action                   |  1- 3 |  4- 6 || total
-------------------------+-------+-------++-------
Melee: War axe           |   500 |   134 ||   634
       Headbutt          |   166 |    16 ||   182
  Use: Scroll            |       |    13 ||    13
       Potion            |       |     1 ||     1
Armor: Scale mail        |    32 |       ||    32
       Plate armour      |    44 |   123 ||   167
Dodge: Dodged            |    27 |    40 ||    67
Block: Buckler           |    18 |    27 ||    45
